 Dungeon Crawl Stone Soup version 0.27-a0-1196-g3e9cee4cb2 (webtiles) character file.

Game seed: 17962554048275466139

8272 ZappyNine the Unseen (level 11, -8/56 HPs)
             Began as a Spriggan Brigand on May 28, 2021.
             Was a Believer of Dithmenos.
             Splashed by an acid dragon's acid (15 damage)
             ... on level 10 of the Dungeon.
             The game lasted 00:16:18 (11220 turns).

ZappyNine the Unseen (Spriggan Brigand)            Turns: 11220, Time: 00:16:19

Health: -8/56      AC:  8    Str:  7    XL:     11   Next: 7%
Magic:  12/12      EV: 24    Int: 13    God:    Dithmenos [**....]
Gold:   560        SH:  0    Dex: 20    Spells: 10/10 levels left

rFire    . . .     SeeInvis +   a - +4 dagger
rCold    + . .     Faith    .   (shield restricted)
rNeg     . . .     Spirit   .   h - +1 robe {rC+}
rPois    .         Reflect  .   B - +2 hat
rElec    .         Harm     .   c - +2 cloak
rCorr    .         Rampage  .   (gloves unavailable)
Will     +....                  (boots unavailable)
Stlth    ++++++++++             r - amulet of regeneration
HPRegen  0.00/turn              g - +4 ring of protection
MPRegen  0.13/turn              o - +4 ring of slaying

@: corroded, wreathed by umbra, very quick
A: very small, no large weapons, unfitting armour, see invisible, speed 3,
passive freeze, inhibited regeneration, no potion heal 1
a: Renounce Religion, Shadow Step


You were on level 10 of the Dungeon.
You worshipped Dithmenos.
Dithmenos was pleased with you.
You visited 2 branches of the dungeon, and saw 11 of its levels.

You collected 560 gold pieces.

Inventory:

Hand Weapons
 a - a +4 dagger (weapon)
Missiles
 d - 44 poisoned darts (quivered)
 e - a curare-tipped dart
 E - a throwing net
Armour
 c - a +2 cloak (worn)
 h - a +1 robe of cold resistance (worn)
 B - a +2 hat (worn)
Jewellery
 g - a +4 ring of protection (left hand)
 i - a ring of protection from fire
 j - a ring of protection from cold
 m - a ring of resist corrosion
 o - a +4 ring of slaying (right hand)
 q - a ring of magical power
 r - an amulet of regeneration (around neck)
 z - a +6 ring of intelligence
Wands
 x - a wand of flame (48)
 C - a wand of polymorph (7)
Scrolls
 b - a scroll of identify
 k - 2 scrolls of immolation
 p - a scroll of enchant armour
 s - 2 scrolls of enchant weapon
 t - 2 scrolls of amnesia
 y - 3 scrolls of teleportation
Potions
 f - a potion of flight
 l - 3 potions of curing
 n - a potion of might
 u - a potion of heal wounds
 D - a potion of magic
 G - a potion of brilliance


   Skills:
 + Level 5.4 Fighting
 + Level 7.2 Short Blades
 - Level 2.0 Throwing
 + Level 9.0 Dodging
 - Level 19.0 Stealth


You had 10 spell levels left.
You didn't know any spells.
Your spell library contained the following spells:

 Spells                   Type           Power      Damage    Failure   Level
 Magic Dart               Conj           0%         1d3       30%         1
 Summon Small Mammal      Summ           0%         N/A       30%         1
 Blink                    Tloc           N/A        N/A       43%         2
 Call Imp                 Summ           0%         N/A       43%         2
 Slow                     Hex            0%         N/A       43%         2
 Call Canine Familiar     Summ           0%         N/A       67%         3
 Conjure Flame            Conj/Fire      0%         6-21      67%         3
 Mephitic Cloud           Conj/Pois/Air  0%         N/A       67%         3
 Summon Guardian Golem    Hex/Summ       0%         N/A       67%         3
 Summon Ice Beast         Ice/Summ       0%         N/A       97%         4
 Summon Lightning Spire   Summ/Air       0%         N/A       97%         4


Dungeon Overview and Level Annotations

Branches:
Dungeon (10/15)            Temple (1/1) D:5
   Lair: D:8-11         Orc: D:9-12

Altars:
Ashenzari
Cheibriados
Dithmenos
Elyvilon
Fedhas
Gozag
Hepliaklqana
Kikubaaqudgha
Makhleb
Nemelex Xobeh
Okawaru
Qazlal
Ru
Sif Muna
Trog
Uskayaw
Vehumet
Wu Jian
Xom
Yredelemnul
Zin
The Shining One

Shops:
D:8 (


Innate Abilities, Weirdness & Mutations

You are very small and have problems with some larger weapons.
You are too small for most types of armour.
You have supernaturally acute eyesight. (SInv)
You cover ground extremely quickly. (Speed+++)
A frigid envelope surrounds you and freezes all who hurt you.
You do not regenerate when monsters are visible.
Potions are less effective at restoring your health.


Message History

The acid dragon misses you. The acid dragon completely misses you.
Unknown command.
You hit the acid dragon.
The acid dragon is heavily wounded.
The acid dragon barely misses you. The acid dragon misses you.
You hit the acid dragon.
The acid dragon is heavily wounded.
Unknown command.
You hit the acid dragon.
The acid dragon is severely wounded.
The komodo dragon closely misses you. The acid dragon barely misses you.
The acid dragon misses you.
Unknown command.
You hit the acid dragon but do no damage.
The acid dragon is severely wounded.
The acid dragon closely misses you. The acid dragon completely misses you.
The komodo dragon bites you.
The komodo dragon is very cold.
The komodo dragon is lightly wounded.
Unknown command.
You closely miss the acid dragon.
The acid dragon is severely wounded.
You barely miss the acid dragon.
The acid dragon is severely wounded.
The komodo dragon bites you! The acid dragon spits acid at you.
The splash of acid hits you! The acid corrodes you!
You are splashed with acid!
You hit the acid dragon.
The acid dragon is almost dead.
The acid dragon completely misses you. x2; The komodo dragon bites you!
* * * LOW HITPOINT WARNING * * *
The komodo dragon is very cold.
The komodo dragon seems to slow down.
The komodo dragon is moderately wounded.
You hit the acid dragon but do no damage.
The acid dragon is almost dead.
Unknown command.
The acid dragon spits acid at you. The splash of acid hits you.
* * * LOW HITPOINT WARNING * * *
You are splashed with acid!
You die...

......#.### #.#####.# #.#
# ##.##.....###.# #.# #.#
# #...#<#.#.....# #.#
#.## # ..#.(..#...##.#
#.# #..# #
#...#.#.#.###.#
###.########.# #
##.##.....# #.#
#..........#.# #
##############
############## # # #.
#.##########
#..#.##.lD...@...##
#...)....###....##
...........####.###..####
###### ......###.## ###
###...###...)) ....## ###
####..)###.# ... #####
### .# ########## ######
##


You could see a komodo dragon (slow) and an acid dragon (catching breath).

Vanquished Creatures
  Erica (D:10)
  An orc knight (D:10)
  A manticore (D:9)
  A komodo dragon (D:10)
  A troll (D:9)
  A hornet (D:9)
  A meliai zombie (D:10)
  Sigmund (D:2)
  A wraith (D:9)
  3 yaks (D:10)
  A shadow (D:9)
  Eustachio (D:6)
  A steam dragon (D:8)
  A wyvern (D:10)
  Menkaure (D:6)
  Edmund (D:6)
  A water moccasin (D:6)
  4 sky beasts
  A hornet zombie (D:8)
  3 orc warriors
  A black bear (D:6)
  An ice beast (D:6)
  A necrophage (D:7)
  2 centaurs
  2 ogres
  A kobold brigand (D:8)
  Blork the orc (D:4)
  A scorpion (D:5)
  A wyvern zombie (D:6)
  A water moccasin skeleton (D:5)
  13 killer bees
  10 wights
  2 jellies
  4 centaur zombies
  7 orc priests
  4 hounds
  2 centaur skeletons
  3 iguanas
  5 orc wizards
  2 killer bee zombies
  A hound zombie (D:5)
  A hound skeleton (D:4)
  A howler monkey skeleton (D:6)
  4 gnolls (D:3)
  10 adders
  A white imp (D:6)
  2 adder skeletons
  4 dart slugs
  40 orcs
  4 endoplasms
  3 giant cockroaches
  7 goblins
  3 hobgoblins
  3 jackals (D:1)
  3 quokkas
  2 ball pythons
  2 bats
  6 frilled lizards
  9 kobolds
  2 rats
199 creatures vanquished.

Vanquished Creatures (others)
  3 plants (D:4)
3 creatures vanquished.

Grand Total: 202 creatures vanquished

Notes
Turn   | Place    | Note
-------+----------+-------------------------------------------
     0 | D:1      | ZappyNine the Spriggan Brigand began the quest for the Orb.
     0 | D:1      | Reached XP level 1. HP: 10/10 MP: 2/2
   144 | D:1      | Reached skill level 6 in Stealth
   197 | D:1      | Reached XP level 2. HP: 13/14 MP: 3/3
   498 | D:1      | Found a faded altar of an unknown god.
   805 | D:2      | Reached XP level 3. HP: 18/18 MP: 4/4
   989 | D:2      | Reached skill level 7 in Stealth
  1022 | D:2      | Noticed Sigmund
  1089 | D:2      | Killed Sigmund
  1090 | D:2      | Reached skill level 8 in Stealth
  1090 | D:2      | Reached XP level 4. HP: 1/22 MP: 5/5
  1090 | D:2      | Reached XP level 5. HP: 1/25 MP: 6/6
  1769 | D:2      | You fall into a shaft and drop 1 floor!
  2059 | D:3      | Found a burning altar of Makhleb.
  2255 | D:3      | Reached XP level 6. HP: 10/30 MP: 7/7
  2878 | D:3      | Found a shimmering blue altar of Sif Muna.
  3931 | D:4      | Reached skill level 5 in Short Blades
  4362 | D:4      | Reached skill level 9 in Stealth
  4362 | D:4      | Reached XP level 7. HP: 35/35 MP: 8/8
  4465 | D:4      | Noticed Blork the orc
  4478 | D:4      | Killed Blork the orc
  4883 | D:5      | Entered Level 5 of the Dungeon
  4969 | D:5      | Identified the +1 chain mail of Hangman {rF+ rN+ rCorr
                  | Dex+2}
  5062 | D:5      | Reached skill level 5 in Dodging
  5278 | D:5      | Found a staircase to the Ecumenical Temple.
  5327 | D:5      | Found a bloodstained altar of Trog.
  5535 | Temple   | Entered the Ecumenical Temple
  5774 | Temple   | Became a worshipper of Dithmenos the Shadowed
  5983 | D:6      | Reached XP level 8. HP: 37/42 MP: 9/9
  6071 | D:6      | Noticed Menkaure
  6084 | D:6      | Killed Menkaure
  6298 | D:6      | Reached skill level 10 in Stealth
  6398 | D:6      | Noticed Eustachio
  6410 | D:6      | Killed Eustachio
  6439 | D:6      | Identified the +3 ring mail of Beauty {rPois Str+2 Int+5
                  | Dex-4}
  6501 | D:6      | Reached * piety under Dithmenos
  6502 | D:6      | Reached skill level 5 in Fighting
  6709 | D:6      | Noticed Edmund
  6716 | D:6      | Killed Edmund
  6717 | D:6      | Reached XP level 9. HP: 47/47 MP: 10/10
  7142 | D:7      | Reached skill level 11 in Stealth
  7345 | D:7      | Reached skill level 12 in Stealth
  8097 | D:8      | Reached skill level 13 in Stealth
  8227 | D:8      | Found Gaull's Antique Weapon Shoppe.
  8345 | D:8      | Reached ** piety under Dithmenos
  8367 | D:8      | Reached skill level 14 in Stealth
  8791 | D:8      | Found a snail-covered altar of Cheibriados.
  9014 | D:8      | Found a hazy altar of Hepliaklqana.
  9128 | D:8      | Found a basalt altar of Yredelemnul.
  9128 | D:8      | Found a hide-covered altar of Uskayaw.
  9128 | D:8      | Found a shimmering altar of Xom.
  9361 | D:9      | Gained mutation: You are clumsy. (Dex -2) [potion of
                  | mutation]
  9361 | D:9      | Gained mutation: Your mind is acute. (Int +2) [potion of
                  | mutation]
  9362 | D:9      | Lost mutation: You are clumsy. (Dex -2) [potion of
                  | mutation]
  9362 | D:9      | Lost mutation: Your mind is acute. (Int +2) [potion of
                  | mutation]
  9362 | D:9      | Gained mutation: You do not regenerate when monsters are
                  | visible. [potion of mutation]
  9362 | D:9      | Gained mutation: A frigid envelope surrounds you and
                  | freezes all who hurt you. [potion of mutation]
  9362 | D:9      | Gained mutation: Potions are less effective at restoring
                  | your health. [potion of mutation]
  9432 | D:9      | Reached skill level 15 in Stealth
  9494 | D:9      | Reached XP level 10. HP: 51/51 MP: 11/11
  9496 | D:9      | Noticed a manticore
  9502 | D:9      | HP: 2/51 [manticore (3)]
  9502 | D:9      | Killed a manticore
  9658 | D:9      | Reached skill level 16 in Stealth
  9757 | D:9      | Paralysed by a hornet for 1 turns
 10232 | D:10     | Entered Level 10 of the Dungeon
 10333 | D:10     | Reached skill level 17 in Stealth
 10346 | D:10     | Noticed an orc knight
 10429 | D:10     | Killed an orc knight
 10617 | D:10     | Reached skill level 18 in Stealth
 10751 | D:10     | Noticed Erica
 10757 | D:10     | Killed Erica
 10767 | D:10     | Reached skill level 19 in Stealth
 10903 | D:10     | Reached XP level 11. HP: 56/56 MP: 12/12
 11220 | D:10     | Splashed by an acid dragon's acid

Illustrated notes

Levels and vault maps discovered:
D:1:      minmay_arrival_jagged, layout_loops_ring,
          ebering_ecumenical_altar_mist
D:2:      minmay_door_path, layout_basic, minmay_misc_feat_square, uniq_sigmund,
          uniq_crazy_yiuf_cottage
D:3:      layout_basic, lemuel_doored_altar, led_sif_pool,
          minmay_strange_pillars
D:4:      layout_loops_cross, saegor_snake_ambush, uniq_blork_the_orc
D:5:      layout_basic, kennysheep_mini, temple_pool_b
D:6:      layout_cave_pools, grunt_ministairs_6, uniq_edmund, uniq_menkaure,
          uniq_eustachio
D:7:      layout_layer_cave, eino_curves_02
D:8:      layout_basic, nzn_hepliaklqana_mist_gate,
          gammafunk_temple_overflow_forgotten, lemuel_tele_altar, serial_shops,
          shop_statue, minmay_misc_feat_rows
D:9:      layout_roguey, hangedman_abyss_or_decor_passed
D:10:     lemuel_flame_loot_2, layout_loops_ring, erik_lair_dragon, uniq_erica
Temple:   eino_temple_water

Skill      XL: |  1  2  3  4  5  6  7  8  9 10 11 |
---------------+----------------------------------+-----
Stealth        | 6 8 9 10 15 19 | 19.0
Short Blades   | 3 4 5 6 7 |  7.2
Dodging        | 2 3 5 8 9 |  9.0
Fighting       | 2 4 5 |  5.4
Throwing       | |  2.0

Action                   |  1- 3 |  4- 6 |  7- 9 | 10-12 || total
-------------------------+-------+-------+-------+-------++-------
Melee: Dagger            |   101 |   201 |   486 |   145 ||   933
Throw: Dart              |    11 |    28 |    20 |     9 ||    68
Evoke: Wand              |       |       |    10 |     2 ||    12
  Use: Scroll            |     2 |     4 |    11 |     4 ||    21
       Potion            |       |       |     4 |       ||     4
 Stab: Sleeping          |     7 |    12 |    20 |    14 ||    53
       Distracted        |       |       |     4 |     1 ||     5
Armor: Robe              |    23 |    30 |    48 |    23 ||   124
Dodge: Dodged            |    70 |   107 |   354 |   154 ||   685

Table legend: (Time is in decaauts)
 A = Elapsed time spent in this place.
 B = Non-inter-level travel time spent in this place.
 C = Inter-level travel time spent in this place.
 D = Time resting spent in this place.
 E = Time spent auto-exploring this place.
 F = Levels seen in this place.
 G = Mean time per level.
                   A        B        C        D        E       F      G
               +--------+--------+--------+--------+--------+-----+--------+
         Total |   7833 |   7613 |    220 |   1645 |   4335 |  11 |  712.1 |
       Dungeon |   7678 |   7490 |    188 |   1645 |   4213 |  10 |  767.8 |
        Temple |    155 |    124 |     31 |      0 |    121 |   1 |  155.0 |
               +--------+--------+--------+--------+--------+-----+--------+

Top non-repeatable levels by time:
     D:3: 1317 daAuts
     D:4: 1071 daAuts
     D:8: 876 daAuts
     D:2: 773 daAuts
     D:7: 719 daAuts
    D:10: 645 daAuts
     D:5: 639 daAuts
     D:9: 596 daAuts
     D:6: 520 daAuts
     D:1: 518 daAuts
  Temple: 155 daAuts
